 Dungeon Crawl Stone Soup version 0.31.0-4-g52a2dc7128 (webtiles) character file.

Game seed: 47135127646248622

387 Deca the Ruffian (level 6, 0/61 HPs)
             Began as a Troll Fighter on Jan 21, 2024.
             Slain by a killer bee (3 damage)
             ... on level 5 of the Dungeon.
             The game lasted 00:16:28 (3154 turns).

Deca the Ruffian (Troll Fighter)                    Turns: 3154, Time: 00:16:29

Health: 0/61       AC:  5    Str: 27    XL:     6   Next: 49%
Magic:  5/5        EV: 10    Int:  4    God:
Gold:   190        SH:  0    Dex:  9    Spells: 5/5 levels left

rFire   . .          .
                       - Unarmed
rCold   . . .        (no shield)
rNeg    . . .        d - +0 robe
rPois   .            (helmet restricted)
rElec   .            g - +0 cloak
rCorr   .            (gloves unavailable)
SInv    .            (boots unavailable)
Will    .....        (no amulet)
Stlth   +            (no ring)
HPRegen 1.10/turn    (no ring)
MPRegen 0.09/turn

%: no passive effects
@: lethally poisoned (0 -> -4), about to teleport
A: large, unfitting armour, claws 3, regeneration 1, shaggy fur 1, tough skin 1
a: no special abilities


You were on level 5 of the Dungeon.
You visited 1 branch of the dungeon, and saw 5 of its levels.

You collected 190 gold pieces.

Inventory:

Hand Weapons
 i - a +3 quarterstaff of flaming
Armour
 d - a +0 robe (worn)
 g - a +0 cloak (worn)
Jewellery
 k - a ring of ice
Scrolls
 a - 2 scrolls of amnesia
 h - a scroll of noise {unknown}
 j - a scroll of identify
Potions
 c - a potion of might
 e - a potion of enlightenment {unknown}
 f - a potion of degeneration
 l - 2 potions of mutation {unknown}
 m - a potion of haste {unknown}
 o - a potion of brilliance {unknown}
 p - a potion of magic {unknown}


   Skills:
 + Level 3.4 Fighting
 + Level 3.5 Dodging
 - Level 0.2 Stealth
 + Level 3.9 Shields
 * Level 4.3 Unarmed Combat


You had 5 spell levels left.
You didn't know any spells.
Your spell library contained the following spells:

 Spells                   Type           Power      Damage    Failure   Level
 Magic Dart               Conj           0%         1d3       50%         1
 Blink                    Tloc           0%         N/A       65%         2
 Call Imp                 Summ           0%         N/A       65%         2
 Sublimation of Blood     Necr           0%         N/A       65%         2
 Ozocubu's Armour         Ice            0%         N/A       86%         3
 Animate Dead             Necr           0%         N/A       99%         4
 Borgnjor's Vile Clutch   Necr/Erth      0%         N/A       100%        5
 Metabolic Englaciation   Hex/Ice        0%         N/A       100%        5
 Death Channel            Necr           0%         N/A       100%        6
 Sculpt Simulacrum        Ice/Alch       0%         N/A       100%        6
 Summon Hydra             Summ           0%         N/A       100%        7


Dungeon Overview and Level Annotations

Branches:
Dungeon (5/15)
 Temple: D:4-7

Altars:
Kikubaaqudgha
Makhleb
Zin

Shops:
D:1 *


Innate Abilities, Weirdness & Mutations

You are too large for most types of armour.
You have claws for hands.
Your natural rate of healing is unusually fast.
You are covered in fur. (AC +1)
You have tough skin. (AC +1)


Message History

The killer bee stings you but does no damage. x2
The killer bee stings you. The killer bee stings you!
You closely miss the killer bee.
The killer bee is heavily wounded.
You feel sick. The killer bee stings you. x2
You are more poisoned.
The killer bee poisons you!
You feel better. The killer bee stings you.
You are poisoned.
The killer bee poisons you! The killer bee stings you.
You are more poisoned.
The killer bee poisons you! The killer bee stings you.
The killer bee closely misses you.
You scratch the killer bee.
The killer bee is heavily wounded.
You feel very sick.
The killer bee stings you but does no damage.
The killer bee stings you.
* * * LOW HITPOINT WARNING * * *
The killer bee closely misses you. x2
You miss the killer bee.
The killer bee is heavily wounded.
You feel sick. The killer bee completely misses you.
The killer bee barely misses you. The killer bee closely misses you.
The killer bee stings you but does no damage.
You miss the killer bee. Your claw misses the killer bee.
The killer bee is heavily wounded.
You feel sick. The killer bee closely misses you. The killer bee stings you.
* * * LOW HITPOINT WARNING * * *
You are more poisoned.
The killer bee poisons you! The killer bee closely misses you.
The killer bee stings you but does no damage.
As you read the scroll of teleportation, it crumbles to dust.
You feel strangely unstable.
You feel very sick. The killer bee stings you.
* * * LOW HITPOINT WARNING * * *
The killer bee closely misses you. The killer bee barely misses you.
The killer bee stings you.
You die...

##............
#.##..#......
#####.##....#####
#........#.<#
######...##.#
#.### .# # #.#
... #.## #y#.
#.@#...#.# #.yyy#
#.....## #.##..#
... #... #.#
..... ... .####.
.. . .. .. ..


You could see 3 killer bees.

Vanquished Creatures
  2 ogres (D:4)
  A hound (D:4)
  Crazy Yiuf (D:2)
  3 iron imps (D:3)
  An adder (D:2)
  A white imp (D:3)
  3 dart slugs
  2 ribbon worms
  4 orcs (D:3)
  3 endoplasms
  4 giant cockroaches
  8 goblins
  5 hobgoblins
  4 ball pythons
  5 bats
  3 frilled lizards
  3 kobolds
  5 rats
58 creatures vanquished.

Notes
Turn   | Place    | Note
-------+----------+-------------------------------------------
     0 | D:1      | Deca the Troll Fighter began the quest for the Orb.
     0 | D:1      | Reached XP level 1. HP: 22/22 MP: 0/0
   126 | D:1      | Reached XP level 2. HP: 29/29 MP: 1/1
   413 | D:1      | Found Quisyud's Assorted Antiques.
   936 | D:2      | Reached XP level 3. HP: 36/36 MP: 2/2
  1164 | D:2      | Found a runed translucent door.
  1165 | D:2      | Noticed Crazy Yiuf
  1566 | D:2      | Killed Crazy Yiuf
  1567 | D:2      | Reached XP level 4. HP: 30/44 MP: 0/3
  1643 | D:3      | Found a faded altar of an unknown god.
  1897 | D:3      | Reached skill level 3 in Unarmed Combat
  2078 | D:3      | Found a burning altar of Makhleb.
  2100 | D:3      | Reached XP level 5. HP: 43/53 MP: 4/4
  2329 | D:4      | Noticed an ogre
  2338 | D:4      | Killed an ogre
  2339 | D:4      | Reached skill level 4 in Unarmed Combat
  2339 | D:4      | Reached XP level 6. HP: 61/61 MP: 5/5
  2503 | D:4      | Identified the +3 lajatang of Bloodstone {elec, rPois rC+
                  | rCorr Dex-5}
  2592 | D:4      | Found a glowing silver altar of Zin.
  2846 | D:4      | Found an ancient bone altar of Kikubaaqudgha.
  3125 | D:5      | Entered Level 5 of the Dungeon
  3154 | D:5      | HP: 3/61 [killer bee (6)]
  3154 | D:5      | Slain by a killer bee

Illustrated notes

Levels and vault maps discovered:
D:1:      dpeg_arrival_boxorama, layout_basic, serial_shops,
          nicolae_shop_dealshenge, fountainhead
D:2:      layout_loops_cross, grunt_ministairs_2, uniq_crazy_yiuf_cottage
D:3:      layout_basic, demons_altar, nicolae_ecumenical_oubliette
D:4:      layout_loops_ring, lemuel_doored_altar,
          mainiacjoe_overflow_cross_hatched, eino_tiny_chamber
D:5:      minmay_spotlight, layout_rooms, old_standard_altar,
          fiery_altar_vehumet

Skill      XL: |  1  2  3  4  5 |
---------------+----------------+-----
Shields        | 3 |  3.9
Dodging        | 3 |  3.5
Unarmed Combat | 3 4 |  4.3
Fighting       | 3 |  3.4
Stealth        | |  0.2

Action                     |  1- 3 |  4- 6 || total
---------------------------+-------+-------++-------
  Melee: Unarmed           |    82 |    96 ||   178
         Punch             |       |     1 ||     1
    Use: Scroll            |     5 |     3 ||     8
         Potion            |       |     3 ||     3
   Stab: Sleeping          |     2 |       ||     2
 Armour: Robe              |    35 |    65 ||   100
  Dodge: Dodged            |    24 |    43 ||    67
  Block: Kite shield       |    29 |     7 ||    36
